 Dungeon Crawl Stone Soup version 0.27.1-33-g824d729ab1 (webtiles) character file.

Game seed: 11290698449135391195

144 pkoi the Insei (level 5, 0/36 HPs)
             Began as a Draconian Transmuter on Dec 13, 2021.
             Slain by a scorpion (2 damage)
             ... on level 2 of the Dungeon.
             The game lasted 00:04:09 (3160 turns).

pkoi the Insei (Draconian Transmuter)               Turns: 3160, Time: 00:04:10

Health: 0/36       AC:  7    Str: 12    XL:     5   Next: 5%
Magic:  8/8        EV: 12    Int: 14    God:
Gold:   92         SH:  0    Dex: 10    Spells: 5/8 levels left

rFire    + . .     SeeInvis .     - Unarmed
rCold    + . .     Faith    .   (no shield)
rNeg     . . .     Spirit   .   (armour unavailable)
rPois    +         Reflect  .   (helmet restricted)
rElec    +         Harm     .   c - +1 cloak
rCorr    +         Rampage  .   (no gloves)
Will     .....                  (no boots)
Stlth    +.........             b - amulet of the acrobat
HPRegen  0.12/turn              (no ring)
MPRegen  0.11/turn              (no ring)

@: resistant, hasted, very quick
A: AC +5, unfitting armour, cold-blooded, clumsy 1, frail 1, high mp 1
a: no special abilities


You were on level 2 of the Dungeon.
You visited 1 branch of the dungeon, and saw 3 of its levels.

You collected 92 gold pieces.

Inventory:

Hand Weapons
 d - a +4 short sword
Missiles
 h - 9 poisoned darts
Armour
 c - a +1 cloak (worn)
Jewellery
 b - an amulet of the acrobat (around neck)
Scrolls
 e - a scroll of blinking
Potions
 f - a potion of magic


   Skills:
 - Level 1.1 Fighting
 - Level 1.7 Dodging
 * Level 5.6 Unarmed Combat
 - Level 2.0 Spellcasting
 + Level 2.1 Transmutations
 + Level 0.6 Poison Magic


You had 5 spell levels left.
You knew the following spells:

 Your Spells              Type           Power      Damage    Failure   Level
a - Spider Form           Tmut/Pois      2%         N/A       36%         3

Your spell library contained the following spells:

 Spells                   Type           Power      Damage    Failure   Level
 Beastly Appendage        Tmut           14%        N/A       10%         1
 Wereblood                Tmut           7%         N/A       14%         2
 Slow                     Hex            1%         N/A       34%         2
 Confusing Touch          Hex            1%         N/A       56%         3
 Ice Form                 Ice/Tmut       4%         N/A       83%         4
 Yara's Violent Unravell  Hex/Tmut       2%         3d3       99%         5


Dungeon Overview and Level Annotations

Branches:
Dungeon (3/15)

Altars:

Annotations:
D:2 Terence


Innate Abilities, Weirdness & Mutations

Your plain brown scales are hard. (AC +5)
You cannot fit into any form of body armour.
You are cold-blooded and may be slowed by cold attacks.
You are clumsy. (Dex -2)
You are frail. (-10% HP)
You have an increased reservoir of magic. (+10% MP)


Message History

The scorpion stings you.
You are poisoned.
The scorpion poisons you!
You closely miss the scorpion.
The scorpion is moderately wounded.
You feel sick. The scorpion stings you.
* * * LOW HITPOINT WARNING * * *
You barely miss the scorpion.
Your tail-slap misses the scorpion.
The scorpion is moderately wounded.
You feel sick.
Terence shouts, "Get ready for death!"
The scorpion stings you.
* * * LOW HITPOINT WARNING * * *
You hit the scorpion but do no damage.
The scorpion is moderately wounded.
You feel sick. The scorpion closely misses you. Terence closely misses you.
You hit the scorpion.
The scorpion is heavily wounded.
You feel sick. The scorpion closely misses you.
Terence throws a stone.
The stone hits you.
* * * LOW HITPOINT WARNING * * *
Unknown command.
You feel protected.
You feel sick. The scorpion stings you.
* * * LOW HITPOINT WARNING * * *
Terence throws a stone.
The stone closely misses you.
The scorpion stings you but does no damage.
You feel yourself speed up.
You feel sick.
Terence hits you from afar with a +0 trident.
* * * LOW HITPOINT WARNING * * *
The scorpion stings you but does no damage.
You hit the scorpion.
The scorpion is heavily wounded.
You feel sick.
You are no longer poisoned.
Terence throws a stone.
The stone barely misses you.
You hit the scorpion but do no damage.
The scorpion is heavily wounded.
The scorpion stings you.
You die...

.........>.....
#####.##......#.
##.............#.
##...........@#.#.
#.................
#................#
#...............##
#.s@.............#
#@)............#..
##)...........####
##..........# #
########### #


You could see Terence and a scorpion.

Vanquished Creatures
  5 adders
  3 gnolls
  2 worms (D:2)
  2 dart slugs
  6 ball pythons
  7 bats
  4 endoplasms
  A giant cockroach (D:1)
  9 goblins
  7 hobgoblins
  8 kobolds
  3 frilled lizards
  4 rats
61 creatures vanquished.

Notes
Turn   | Place    | Note
-------+----------+-------------------------------------------
     0 | D:1      | pkoi the Draconian Transmuter began the quest for the Orb.
     0 | D:1      | Reached XP level 1. HP: 16/16 MP: 3/3
    60 | D:1      | Reached XP level 2. HP: 15/23 MP: 5/5
   295 | D:1      | Reached skill level 4 in Unarmed Combat
   627 | D:1      | Reached XP level 3. HP: 25/28 MP: 6/6
   858 | D:2      | Noticed Terence
  1410 | D:2      | Reached XP level 4. HP: 35/35 MP: 7/7
  1428 | D:2      | Reached skill level 5 in Unarmed Combat
  2404 | D:3      | Learned a level 3 spell: Spider Form
  2864 | D:3      | Gained mutation: You are clumsy. (Dex -2) [potion of
                  | mutation]
  2864 | D:3      | Gained mutation: You are frail. (-10% HP) [potion of
                  | mutation]
  2864 | D:3      | Gained mutation: You have an increased reservoir of magic.
                  | (+10% MP) [potion of mutation]
  2945 | D:3      | Noticed a scorpion
  2985 | D:2      | Reached XP level 5. HP: 13/36 MP: 8/8
  3160 | D:2      | Slain by a scorpion

Illustrated notes

Levels and vault maps discovered:
D:1:      dpeg_arrival_orchard, layout_basic
D:2:      layout_rooms, kennysheep_doodads, minmay_pentomino_x2, uniq_terence
D:3:      layout_loops_cross

Skill      XL: |  1  2  3  4 |
---------------+-------------+-----
Unarmed Combat | 4 5 |  5.6
Fighting       | |  1.1
Dodging        | |  1.7
Spellcasting   | |  2.0
Transmutations | |  2.1
Poison Magic   | |  0.6

Action                   |  1- 3 |  4- 6 || total
-------------------------+-------+-------++-------
Melee: Unarmed           |    68 |    62 ||   130
       Kick              |     3 |       ||     3
       Headbutt          |     3 |       ||     3
       Tailslap          |     9 |     8 ||    17
       Short sword       |    45 |    44 ||    89
       Punch             |       |     1 ||     1
 Cast: Beastly Appendage |     3 |       ||     3
  Use: Scroll            |     1 |     9 ||    10
       Potion            |       |     4 ||     4
 Stab: Sleeping          |       |     1 ||     1
Armor: Skin              |    35 |    22 ||    57
Dodge: Dodged            |    92 |    76 ||   168
